 Dungeon Crawl Stone Soup version 0.17-a0-1570-g74b7129 (webtiles) character file.

44 Chiseanne the Firebug (level 3, -1/27 HPs)
             Began as a Demonspawn Wanderer on July 23, 2015.
             Succumbed to an adder's poison
             ... on level 3 of the Dungeon.
             The game lasted 00:04:42 (2576 turns).

Chiseanne the Firebug (Demonspawn Wanderer)         Turns: 2576, Time: 00:04:42

Health: -1/27      AC:  3    Str: 12    XL:     3   Next: 41%
Magic:  0/6        EV: 11    Int: 16    God:
Gold:   51         SH:  0    Dex: 10    Spells: 1 memorised, 5 levels left

rFire  . . .     SeeInvis .     a - +0 short sword
rCold  . . .     Clarity  .     d - +0 robe
rNeg   . . .     SustAt   .     (no shield)
rPois  .         Gourm    .     (no helmet)
rElec  .         Spirit   .     (no cloak)
rCorr  .         Warding  .     g - +0 pair of gloves
rMut   .         Stasis   .     (no boots)
MR     .....                    (no amulet)
Stlth  ++........               (no ring)
                                (no ring)

@: lethally poisoned (-1 -> -17), not resistant to hostile enchantments,
unstealthy
A: nightstalker 1, sense surroundings 1
a: no special abilities


You were on level 3 of the Dungeon.
You were not hungry.

You visited 1 branch of the dungeon, and saw 3 of its levels.

You collected 51 gold pieces.

Inventory:

Hand weapons
 a - a +0 short sword (weapon)
Missiles
 l - 25 poisoned needles
 m - 20 sling bullets
 n - 20 bolts
Armour
 d - a +0 robe (worn)
 g - a +0 pair of gloves (worn)
 p - a cursed +0 leather armour
Jewellery
 e - an uncursed amulet of the gourmand {unknown}
Magical devices
 i - a wand of frost (15)
Scrolls
 k - a scroll of remove curse
Potions
 t - a potion of ambrosia {unknown}
 u - a potion of degeneration {unknown}
Books
 b - the Papyrus of Focus

   Spells                             Type                      Level
   a - Sting                          Conjuration/Poison           1
   b - Throw Flame                    Conjuration/Fire             2
Comestibles
 f - a bread ration
 j - 2 meat rations
 v - a chunk of flesh


   Skills:
 - Level 2.0 Fighting
 - Level 1.0 Armour
 + Level 0.8 Dodging
 + Level 1.1 Stealth
   Level 1.0 Shields
 * Level 2.1 Spellcasting
 * Level 1.8 Conjurations
   Level 2.6 Fire Magic
 - Level 1.0 Evocations


You had 5 spell levels left.
You knew the following spells:

 Your Spells              Type           Power        Failure   Level  Hunger
a - Sting                 Conj/Pois      #...         17%         1    #......


Dungeon Overview and Level Annotations

Branches:
Dungeon (3/15)

Altars:

Annotations:
D:2 Sigmund


Innate Abilities, Weirdness & Mutations

You are slightly more attuned to the shadows.
You passively map a small area around you.


Message History

You feel sick. The adder bites you.
* * * LOW HITPOINT WARNING * * *
You are more poisoned.
The adder poisons you! The kobold barely misses you.
A kobold comes into view.
Casting: Sting
Confirm with . or Enter, or press ? or * to list all spells.
Aiming: Sting
Press: ? - help, Shift-Dir - straight line, f/p - adder
Aim: an adder (heavily wounded)
The sting hits the adder.
The adder is poisoned.
The adder is severely wounded.
* * * LOW HITPOINT WARNING * * *
You feel sick. The adder barely misses you.
The kobold hits you but does no damage.
Drink which item? (? for menu, Esc to quit)
It was a potion of beneficial mutation.
You feel a strange attunement to the structure of the dungeons.
You feel fantastic!
You die...

*,*,,*****,*****,,,,,,>,,,,,,,***
,,*,,* *,* *,,,,,,,,,,,,,,,,,,,
***,,* *,* *,#.#********,,*,***
*,,* *,* #,#K# *,,*,* *,,* *,*
#.#.# *,,*,*
***,,*****,***.#.##*******,,*,*
,,,,,,,,,,,,,,,%b.,,,,,,**,,*,*
***,,*********,#K#*****,**,,*,*
**,,****** *,#@#,,,,,,,,,,*,*
*,,,,,,,,* #,#S#,#*,*,**,**,*
**,,,****,* #.#.#.##.#,**,**,*
,,,,,****,***#..<..?..#,**,**,*
**,,,,,,,,..S>.........,,,,,,,*
,,,,,****,####.#.......,**,****
**,******,***#.....####***,******
,,,,,,,,,,,,,.......,,,,,,,,,,,,,
,,,******,**##.##..##************


You could see an adder, a bat and 2 kobolds.

Vanquished Creatures
  2 adders (D:2)
  2 worms (D:2)
  A giant gecko (D:2)
  A ball python (D:1)
  5 bats (D:1)
  2 giant cockroaches (D:1)
  A hobgoblin (D:1)
  4 kobolds
  A quokka (D:2)
  4 rats (D:1)
23 creatures vanquished.

Notes
Turn   | Place    | Note
--------------------------------------------------------------
     0 | D:1      | Chiseanne the Demonspawn Wanderer began the quest for the Orb.
     0 | D:1      | Chiseanne set off with: a wand of frost (15), the Papyrus of Focus, a potion of curing, a +0 robe, a +0 club, a bread ration
     0 | D:1      | Reached XP level 1. HP: 16/16 MP: 2/2
     0 | D:1      | Identified the Papyrus of Focus
     3 | D:1      | Learned a level 1 spell: Sting
   585 | D:1      | Gained mutation: You are slightly more attuned to the shadows. [demonic ancestry]
   585 | D:1      | Reached XP level 2. HP: 22/22 MP: 0/4
  1827 | D:2      | Reached skill level 1 in Stealth
  1827 | D:2      | Reached XP level 3. HP: 12/27 MP: 0/6
  2534 | D:2      | Noticed Sigmund
  2575 | D:3      | HP: 1/27 [poisoned by an adder]
  2576 | D:3      | Gained mutation: You passively map a small area around you. [potion of beneficial mutation]
  2576 | D:3      | Succumbed to an adder's poison

Vault maps used:
D:1:      dpeg_arrival_rhombi
D:2:      first_bread, uniq_crazy_yiuf_cottage, uniq_sigmund
D:3:      uniq_grinder

Action                   || total
-------------------------++-------
Melee: Short sword       ||    37
       Club              ||     3
 Cast: Sting             ||    69
  Use: Scroll            ||     4
       Potion            ||     3
  Eat: Chunk             ||     3
       Bread ration      ||     1
